 Dungeon Crawl Stone Soup version 0.29-a0-559-g359e09b9d1 (webtiles) character file.

Game seed: 1782243486313380066

60 Nedwor the Twirler (level 3, 0/31 HPs)
             Began as a Minotaur Gladiator on June 10, 2022.
             Slain by an orc priest
             ... wielding a +0 short sword
              (2 damage)
             ... on level 3 of the Dungeon.
             The game lasted 00:03:10 (1525 turns).

Nedwor the Twirler (Minotaur Gladiator)             Turns: 1525, Time: 00:03:10

Health: 0/31       AC:  8    Str: 20    XL:     3   Next: 82%
Magic:  2/2        EV:  8    Int:  5    God:
Gold:   93         SH:  0    Dex: 11    Spells: 2/2 levels left

rFire   . . .      SeeInvis .   a - +0 quarterstaff
rCold   . . .      Faith    .   (shield currently unavailable)
rNeg    . . .      Spirit   .   h - +0 chain mail
rPois   .          Reflect  .   c - +0 hat
rElec   .          Harm     .   (no cloak)
rCorr   +          Rampage  .   (no gloves)
Will    .....                   (no boots)
Stlth   ..........              (no amulet)
HPRegen 0.10/turn               i - ring of resist corrosion
MPRegen 0.08/turn               k - ring of flight

@: flying
A: horns 2, retaliatory headbutt
a: no special abilities


You were on level 3 of the Dungeon.
You visited 1 branch of the dungeon, and saw 3 of its levels.

You collected 93 gold pieces.

Inventory:

Hand Weapons
 a - a +0 quarterstaff (weapon)
Missiles
 d - 3 throwing nets (quivered)
 e - a javelin
Armour
 c - a +0 hat (worn)
 h - a +0 chain mail (worn)
Jewellery
 i - a ring of resist corrosion (left hand)
 k - a ring of flight (right hand)
Scrolls
 g - 2 scrolls of silence
 j - a scroll of amnesia
 l - a scroll of magic mapping {unknown}
 m - a scroll of teleportation {unknown}
 n - a scroll of fog {unknown}
Potions
 b - a potion of haste {unknown}
 f - a potion of flight {unknown}


   Skills:
 + Level 3.4 Fighting
 * Level 5.2 Staves
 - Level 2.0 Throwing
 - Level 3.2 Dodging


You had 2 spell levels left.
You didn't know any spells.
Your spell library contained the following spells:

 Spells                   Type           Power      Damage    Failure   Level
 Static Discharge         Conj/Air       0%         N/A       100%        2
 Call Canine Familiar     Summ           0%         N/A       100%        3
 Portal Projectile        Hex/Tloc       0%         N/A       100%        3
 Dispel Undead            Necr           0%         3d6       100%        4
 Leda's Liquefaction      Hex/Erth       0%         N/A       100%        4
 Sticky Flame             Conj/Fire      0%         2d3       100%        4


Dungeon Overview and Level Annotations

Branches:
Dungeon (3/15)

Altars:

Shops:
D:2 *


Innate Abilities, Weirdness & Mutations

You have a pair of horns on your head.
You reflexively headbutt those who attack you in melee.


Message History

You kill the jackal!
Found 9 gold pieces.
You now have 93 gold pieces (gained 9).
Found a stone staircase leading up.
Found 6 poisoned darts.
A quokka comes into view.
A quokka is nearby!
A quokka is nearby!
An orc priest comes into view. It is wielding a +0 short sword.
The orc priest shouts!
The orc priest mumbles some strange prayers to Beogh against you.
Beogh smites you!
An orc comes into view. It is wielding a +0 flail.
An orc comes into view. It is wielding a +0 short sword.
You hear a shout! x2
The orc shouts!
The quokka bites you. The quokka attacks as you move away!
The quokka barely misses you. The quokka barely misses you.
The quokka attacks as you move away!
The quokka bites you but does no damage. x2
You sock the quokka!
You kill the quokka!
You closely miss the orc priest.
The orc priest hits you with a +0 short sword.
You barely miss the orc priest. The orc priest barely misses you.
You sock the orc priest! You headbutt the orc priest.
The orc priest is severely wounded.
The orc priest invokes the aid of Beogh against you.
Beogh smites you!
* * * LOW HITPOINT WARNING * * *
You hit the orc priest.
The orc priest is almost dead.
The orc priest looks encouraged for a moment.
You closely miss the orc priest. Your headbutt misses the orc priest.
The orc priest is almost dead.
You sock the orc!
You kill the orc!
The orc priest hits you with a +0 short sword.
You die...

.. .o.
###########.o..
#.............o
#...####...
#........(.
#...######.
###.#####)##
........@o#
###<#####.# #.#
#####.####### #.#
#...........#.
#.#
##.#.............
#.#
#......#.#####.#.
#.# #..##.##.#
#.# #..##.##.#
#.###........#


You could see an orc priest.

Vanquished Creatures
  An orc (D:3)
  3 bats (D:1)
  8 endoplasms
  2 giant cockroaches
  3 hobgoblins
  13 jackals
  4 kobolds
  A quokka (D:3)
  5 ball pythons
  5 frilled lizards
  3 goblins
  5 rats
53 creatures vanquished.

Notes
Turn   | Place    | Note
-------+----------+-------------------------------------------
     0 | D:1      | Nedwor the Minotaur Gladiator began the quest for the Orb.
     0 | D:1      | Reached XP level 1. HP: 18/18 MP: 0/0
   144 | D:1      | Reached skill level 4 in Staves
   207 | D:1      | Reached XP level 2. HP: 25/25 MP: 1/1
   592 | D:1      | Reached XP level 3. HP: 31/31 MP: 2/2
   775 | D:2      | Found Kitimnef's Assorted Antiques.
   993 | D:2      | Reached skill level 5 in Staves
  1522 | D:3      | HP: 1/31 [orc priest/divine providence (12)]
  1525 | D:3      | Slain by an orc priest

Illustrated notes

Levels and vault maps discovered:
D:1:      nicolae_arrival_washed_ashore, layout_loops_ring, minmay_quantized
D:2:      layout_loops_cross, serial_shops, nicolae_square_shop
D:3:      minmay_goblin_kobold_castle, layout_loops_ring,
          hellmonk_ecumenical_altar_defaced_shrine, st_stairs_1, uniq_jessica

Skill      XL: |  1  2  3 |
---------------+----------+-----
Staves         | 4 5 |  5.2
Fighting       | 3 |  3.4
Throwing       | |  2.0
Dodging        | |  3.2

Action                   || total
-------------------------++-------
Melee: Quarterstaff      ||    82
       Headbutt          ||     9
  Use: Scroll            ||     3
Armor: Leather armour    ||    12
       Chain mail        ||    21
Dodge: Dodged            ||    41

Table legend: (Time is in decaauts)
 A = Elapsed time spent in this place.
 B = Non-inter-level travel time spent in this place.
 C = Inter-level travel time spent in this place.
 D = Time resting spent in this place.
 E = Time spent auto-exploring this place.
 F = Levels seen in this place.
 G = Mean time per level.
                   A        B        C        D        E       F      G
               +--------+--------+--------+--------+--------+-----+--------+
         Total |   1528 |   1458 |     70 |      0 |   1173 |   3 |  509.3 |
       Dungeon |   1528 |   1458 |     70 |      0 |   1173 |   3 |  509.3 |
               +--------+--------+--------+--------+--------+-----+--------+

Top non-repeatable levels by time:
     D:1: 759 daAuts
     D:2: 697 daAuts
     D:3: 72 daAuts
